 Dungeon Crawl Stone Soup version 0.22-a0-322-g60b3cfd (webtiles) character file.

212 xccam the Sneak (level 5, 0/34 HPs)
             Began as an Octopode Gladiator on Apr 2, 2018.
             Killed from afar by an orc wizard (12 damage)
             ... with a puff of flame
             ... on level 3 of the Dungeon.
             The game lasted 00:03:48 (2127 turns).

xccam the Sneak (Octopode Gladiator)                Turns: 2127, Time: 00:03:49

Health: 0/34       AC:  1    Str: 13    XL:     5   Next: 89%
Magic:  5/5        EV: 16    Int: 11    God:
Gold:   93         SH:  0    Dex: 14    Spells: 4/4 levels left

rFire    . . .     SeeInvis .   a - +0 trident
rCold    . . .     Gourm    .   (no shield)
rNeg     . . .     Faith    .   b - +0 hat
rPois    .         Spirit   .   (no amulet)
rElec    .         Reflect  .   g - +2 ring of evasion
rCorr    .         Harm     .   (no ring)
MR       .....                  (no ring)
Stlth    ++++......             (no ring)
HPRegen  0.11/turn              (no ring)
MPRegen  0.09/turn              (no ring)
                                (no ring)
                                (no ring)

@: no status effects
A: almost no armour, stealthy swim, amphibious, 8 rings, constrict 8, camouflage
1, gelatinous body 1
a: no special abilities


You were on level 3 of the Dungeon.
You were hungry.

You visited 1 branch of the dungeon, and saw 3 of its levels.

You collected 93 gold pieces.

Inventory:

Hand Weapons
 a - a +0 trident (weapon)
 j - a +0 scythe
Missiles
 c - 3 throwing nets (quivered)
Armour
 b - a +0 hat (worn)
Jewellery
 g - a +2 ring of evasion (left tentacle)
Scrolls
 e - a scroll of immolation
 f - 2 scrolls of enchant weapon {unknown}
 h - a scroll of identify
 l - a scroll of remove curse
Potions
 i - a potion of curing {unknown}
 k - a potion of brilliance {unknown}
Comestibles
 d - 3 rations


   Skills:
 - Level 2.0 Fighting
 + Level 5.0 Polearms
 - Level 2.0 Throwing
 - Level 3.0 Dodging
 + Level 5.4 Stealth


You had 4 spell levels left.
You didn't know any spells.

Dungeon Overview and Level Annotations

Branches:
Dungeon (3/15)

Altars:

Annotations:
D:3 Nr616's ghost, amateur GrFi


Innate Abilities, Weirdness & Mutations

You cannot wear most types of armour.
You are very stealthy in the water. (Stealth+)
You are amphibious.
You can wear up to eight rings at the same time.
You can use your tentacles to constrict eight enemies at once.
Your skin changes colour to match your surroundings (Stealth+).
Your rubbery body absorbs attacks. (AC +1, EV +1)


Message History

You closely miss the orc. You grab the orc. You constrict the orc.
Something hits you. The orc barely misses you.
You are too injured to fight recklessly!
You are too injured to fight recklessly!
You release your grip on the orc.
You hear some strange, mumbled words.
Something tries to affect you, but you resist.
You see here a bat corpse.
You are too injured to fight recklessly!
You are too injured to fight recklessly!
Found 24 arrows.
You puncture something! Something hits you.
You closely miss something. Something barely misses you. x2
You miss something. Something barely misses you.
You completely miss something. Something hits you.
You miss something.
You hear some strange, mumbled words.
A puff of flame appears from out of thin air!
The puff of flame hits you!
You die...

.###.......#
.###.##.####
.#..)...# ..#..####
########## .###.#
#....<..o# ..#..#
#.######.# .#.###
#.# .### #########
#.# .#
#######oo{@...# #.#
.#
#...(....#####....#
... .# #..#####..#
##### #o#
.###.#.#####..#
.... ..o .##<#
#.......# ..... .o.
...##
##.###o###......
.$. ..## #.#
#.†o)...... ..)##
##.###.#o#......
.##.###.....†#.#
.....


You could see 2 orcs.

Vanquished Creatures
  Natasha (thrice) (D:2)
  6 adders
  An ooze (D:2)
  3 worms
  3 leopard geckos
  7 orcs (D:3)
  5 bats
  2 giant cockroaches (D:1)
  3 goblins
  5 hobgoblins
  9 jackals
  4 kobolds
  A quokka (D:3)
  4 frilled lizards
  5 rats
61 creatures vanquished.

Notes
Turn   | Place    | Note
-------+----------+-------------------------------------------
     0 | D:1      | xccam the Octopode Gladiator began the quest for the Orb.
     0 | D:1      | Reached XP level 1. HP: 14/14 MP: 1/1
    60 | D:1      | Reached skill level 1 in Stealth
    79 | D:1      | Reached XP level 2. HP: 19/19 MP: 2/2
   178 | D:1      | Reached XP level 3. HP: 16/24 MP: 3/3
   643 | D:2      | Noticed Natasha
   647 | D:2      | Killed Natasha
   647 | D:2      | Reached XP level 4. HP: 28/29 MP: 4/4
   672 | D:2      | Noticed Natasha
   690 | D:2      | Killed Natasha
   690 | D:2      | Noticed Natasha
   697 | D:2      | Killed Natasha
   697 | D:2      | Reached XP level 5. HP: 16/34 MP: 5/5
   992 | D:2      | Reached skill level 5 in Stealth
  1611 | D:3      | Noticed Nr616's ghost (amateur GrFi)
  2109 | D:3      | Reached skill level 5 in Polearms
  2127 | D:3      | Killed from afar by an orc wizard

Vault maps used:
D:1:      onia_arrival_pentagram
D:2:      uniq_natasha
D:3:      uniq_terence

Skill      XL: |  1  2  3  4  5 |
---------------+----------------+-----
Stealth        | 1 2 3 4 5 |  5.4
Polearms       | 4 5 |  5.0
Fighting       | |  2.0
Throwing       | |  2.0
Dodging        | |  3.0

Action                   |  1- 3 |  4- 6 || total
-------------------------+-------+-------++-------
Melee: Trident           |    54 |    96 ||   150
       Constrict         |    11 |    23 ||    34
       Tentacles         |     8 |    14 ||    22
  Use: Scroll            |       |     3 ||     3
 Stab: Sleeping          |    13 |    10 ||    23
  Eat: Ration            |       |     1 ||     1
Armor: Skin              |       |     2 ||     2
Dodge: Dodged            |    16 |    47 ||    63

Table legend:
 A = Spawn XP
 B = Non-spawn XP
 C = Spawn XP percentage of total XP
 D = Spawn monster count
 E = Non-spawn monster count
 F = Spawn count percentage of total count
 G = Total turns spent on level
                    A         B        C        D         E        F      G
               +---------+---------+-------+---------+---------+-------+---------
         Total |       0 |     303 |   0.0 |       0 |      61 |   0.0 |  2127
               +---------+---------+-------+---------+---------+-------+---------
           D:1 |       0 |      46 |   0.0 |       0 |      26 |   0.0 |   588
           D:2 |       0 |     200 |   0.0 |       0 |      17 |   0.0 |  1014
           D:3 |       0 |      57 |   0.0 |       0 |      18 |   0.0 |   525
               +---------+---------+-------+---------+---------+-------+---------
